 Dungeon Crawl Stone Soup version 0.24.0-13-gcf9b319 (webtiles) character file.

Game seed: 5189490769499319139, levelgen mode: deterministic

83 Bronimir the Chiller (level 4, 0/30 HPs)
             Began as a Merfolk Ice Elementalist on Mar 29, 2020.
             Slain by a hobgoblin
             ... wielding a +0 club
              (2 damage)
             ... on level 2 of the Dungeon.
             The game lasted 00:05:14 (1424 turns).

Bronimir the Chiller (Merfolk Ice Elementalist)     Turns: 1424, Time: 00:05:15

Health: 0/30       AC:  3    Str:  9    XL:     4   Next: 44%
Magic:  1/8        EV: 13    Int: 19    God:
Gold:   50         SH:  0    Dex: 14    Spells: 3/9 levels left

rFire    . . .     SeeInvis .   a - +4 dagger
rCold    . . .     Gourm    .   (no shield)
rNeg     . . .     Faith    .   q - +0 leather armour
rPois    .         Spirit   .   (no helmet)
rElec    .         Reflect  .   (no cloak)
rCorr    .         Harm     .   (no gloves)
MR       .....                  (no boots)
Stlth    ++........             (no amulet)
HPRegen  0.10/turn              (no ring)
MPRegen  0.11/turn              (no ring)

@: brilliant, slowed, very slow
A: change form in water, swift swim, stealthy swim
a: no special abilities


You were on level 2 of the Dungeon.
You were not hungry.

You visited 1 branch of the dungeon, and saw 2 of its levels.

You collected 50 gold pieces.

Inventory:

Hand Weapons
 a - a +4 dagger (weapon)
 b - a +0 hunting sling
 n - a +0 short sword
 t - a +0 flail
Missiles
 e - 64 stones (quivered)
 h - 16 arrows
Armour
 i - a +0 robe
 l - a +0 ring mail
 q - a +0 leather armour (worn)
Jewellery
 g - an uncursed amulet of the gourmand {unknown}
Scrolls
 f - a scroll of random uselessness {unknown}
 j - 3 scrolls of identify {unknown}
 m - a scroll of remove curse {unknown}
 p - a scroll of enchant armour {unknown}
 r - a scroll of amnesia {unknown}
Potions
 d - a potion of brilliance
 k - 2 potions of agility {unknown}
 s - a potion of curing {unknown}
Comestibles
 c - 3 rations
 o - 4 chunks of flesh


   Skills:
 + Level 0.1 Fighting
 + Level 0.3 Short Blades
 + Level 0.1(0.3) Slings
 + Level 0.7(0.8) Throwing
 * Level 3.3 Dodging
 - Level 2.2 Stealth
 + Level 3.0 Spellcasting
 + Level 0.7 Conjurations
 * Level 1.1 Charms
 * Level 3.9 Ice Magic


You had 3 spell levels left.
You knew the following spells:

 Your Spells              Type           Power        Failure   Level  Hunger
a - Freeze                Ice            ####         1%          1    None
b - Throw Frost           Conj/Ice       ###...       1%          2    ##.....
c - Ozocubu's Armour      Chrm/Ice       ###.....     2%          3    ###....

Your spell library contained the following spells:

 Spells                   Type           Power        Failure   Level  Hunger
 Throw Icicle             Conj/Ice       ###.....     10%         4    ####...
 Summon Ice Beast         Ice/Summ       ###.....     11%         4    ####...


Dungeon Overview and Level Annotations

Branches:
Dungeon (2/15)

Altars:

Annotations:
D:2 Natasha


Message History

Natasha completely misses you. The crimson imp barely misses you.
Natasha closely misses you.
Things that are here:
a +0 chain mail; the human skeleton of Terence The crimson imp hits you but does no damage.
Natasha claws you! The hobgoblin barely misses you.
The crimson imp barely misses you. Natasha closely misses you.
The hobgoblin misses you. The hobgoblin hits you with a +0 club.
* * * LOW HITPOINT WARNING * * *
Natasha claws you!
* * * LOW HITPOINT WARNING * * *
There is an open door here.
Natasha mumbles some strange words.
It was a potion of brilliance.
You feel clever all of a sudden. The hobgoblin hits you with a +0 club.
* * * LOW HITPOINT WARNING * * *
The hobgoblin hits you with a +0 club.
You die...

.# #.## ###.### .# #..# #.....#
.# #######'###.....# .#
#.........#..)..####### .#
#.........#...........#
.###.........#.5...[.....#
.............#..h5...†...†......
......#####..###g#####..........
......# ##.###@# #...(......
......# #..##.# #...(.)....
.)....# ##.##.# #####......
......# #.##.# ...(.. .##...#
#..#.# ....(( .##.##### ##.#.#
......#.# #...# #.###.#.# ##..#
..# #.#.#### #..#


You could see Natasha, a crimson imp, a white imp and a hobgoblin.

Vanquished Creatures
  Terence (D:2)
  An adder (D:2)
  An ooze (D:1)
  A ball python (D:2)
  5 bats
  3 giant cockroaches
  7 goblins
  7 hobgoblins
  6 kobolds
  A quokka (D:2)
  3 frilled lizards
  8 rats
44 creatures vanquished.

Notes
Turn   | Place    | Note
-------+----------+-------------------------------------------
     0 | D:1      | Bronimir the Merfolk Ice Elementalist began the quest for
                  | the Orb.
     0 | D:1      | Reached XP level 1. HP: 13/13 MP: 3/3
    57 | D:1      | Reached XP level 2. HP: 6/19 MP: 0/5
   609 | D:1      | Learned a level 2 spell: Throw Frost
   616 | D:1      | Reached XP level 3. HP: 21/24 MP: 0/7
   959 | D:2      | Learned a level 3 spell: Ozocubu's Armour
  1371 | D:2      | Noticed Terence
  1394 | D:2      | Killed Terence
  1394 | D:2      | Reached XP level 4. HP: 19/30 MP: 0/8
  1408 | D:2      | Noticed Natasha
  1413 | D:2      | Reached skill level 1 in Charms
  1424 | D:2      | Slain by a hobgoblin

Levels and vault maps discovered:
D:1:      ebering_trefoil_twist, layout_rooms, grunt_decor_resistance,
          st_stairs_8
D:2:      layout_basic, chequers_arboretum, nrook_mini_backslash, tso_altar,
          uniq_natasha, uniq_terence

Skill      XL: |  1  2  3  4 |
---------------+-------------+-----
Dodging        | 3 |  3.3
Spellcasting   | 3 |  3.0
Charms         | 1 |  1.1
Fighting       | |  0.1
Short Blades   | |  0.3
Slings         | |  0.1
Throwing       | |  0.7
Stealth        | |  2.2
Conjurations   | |  0.7
Ice Magic      | |  3.9

Action                   |  1- 3 |  4- 6 || total
-------------------------+-------+-------++-------
Melee: Short sword       |    28 |       ||    28
       Dagger            |    15 |       ||    15
 Fire: Hunting sling     |     5 |       ||     5
Throw: Javelin           |    34 |     3 ||    37
       Stone             |     4 |     1 ||     5
 Cast: Freeze            |    25 |     4 ||    29
       Throw Frost       |     4 |       ||     4
       Ozocubu's Armour  |     1 |       ||     1
  Use: Potion            |       |     1 ||     1
  Eat: Chunk             |     2 |       ||     2
Armor: Robe              |    10 |       ||    10
       Leather armour    |     3 |     2 ||     5
Dodge: Dodged            |    58 |     9 ||    67
